 Dungeon Crawl Stone Soup version 0.19-a0-1456-gc747e27 (webtiles) character file.

273 Gorfmaster the Chopper (level 6, -1/55 HPs)
             Began as a Gargoyle Berserker on Sept 5, 2016.
             Was a Priest of Trog.
             Slain by Haruko's ghost (7 damage)
             ... on level 4 of the Dungeon.
             The game lasted 00:26:50 (3598 turns).

Gorfmaster the Chopper (Gargoyle Berserker)         Turns: 3598, Time: 00:26:51

Health: -1/55      AC:  9    Str: 27    XL:     6   Next: 23%
Magic:  6/6        EV: 11    Int:  8    God:    Trog [***...]
Gold:   275        SH:  5    Dex:  9    Spells: 0 memorised, 5 levels left

rFire  . . .     SeeInvis .     a - +0 hand axe
rCold  . . .     Gourm    .     b - +0 ring mail
rNeg   + . .     Faith    .     (no shield)
rPois  ∞         Spirit   .     (no helmet)
rElec  +         Dismiss  .     (no cloak)
rCorr  .         Reflect  +     (no gloves)
MR     .....     Harm     .     (no boots)
Stlth  ..........               f - +5 amulet of reflection
                                (no ring)
                                (no ring)

@: berserking (expiring), very quick
A: negative energy resistance 1, electricity resistance, unbreathing,
petrification resistance, rot immunity, AC +4
a: Berserk, Trog's Hand, Burn Spellbooks, Renounce Religion


You were on level 4 of the Dungeon.
You worshipped Trog.
Trog was most pleased with you.
You were very hungry.

You visited 1 branch of the dungeon, and saw 4 of its levels.

You collected 275 gold pieces.

Inventory:

Hand Weapons
 a - a +0 hand axe (weapon)
Armour
 b - a +0 ring mail (worn)
 i - a +0 leather armour
Jewellery
 f - a +5 amulet of reflection (around neck)
Scrolls
 h - 5 scrolls of remove curse
 l - 2 scrolls of fog
 n - a scroll of teleportation
Potions
 d - 3 potions of curing
 e - a potion of mutation
 g - 2 potions of brilliance
 k - a potion of ambrosia
 m - 2 potions of agility
 o - a potion of cancellation {unknown}
Comestibles
 c - 3 bread rations
 j - 7 fruits
 q - a beef jerky


   Skills:
 - Level 3.4 Fighting
 + Level 6.1 Axes
 - Level 2.1 Armour
 - Level 1.5 Dodging


You had 5 spell levels left.
You didn't know any spells.

Dungeon Overview and Level Annotations

Branches:
Dungeon (4/15)
 Temple: D:4-7

Altars:
Elyvilon
Uskayaw

Annotations:
D:4 Eustachio; Haruko's ghost, amateur CeGl


Innate Abilities, Weirdness & Mutations

You are resistant to torment.
Your stone body is resilient. (AC +4)
You are immune to poison.
You resist negative energy. (rN+)
You are resistant to electric shocks. (rElec)
You can survive without breathing.
You are immune to petrification.
You are immune to rotting.


Message History

You closely miss Haruko's ghost.
Haruko's ghost is heavily damaged.
Haruko's ghost hits you!
* * * LOW HITPOINT WARNING * * *
You are too injured to fight recklessly!
You are too injured to fight recklessly!
You are too injured to fight recklessly!
You miss Haruko's ghost.
Haruko's ghost is heavily damaged.
Haruko's ghost hits you!
* * * LOW HITPOINT WARNING * * *
You hit Haruko's ghost but do no damage.
Haruko's ghost is heavily damaged.
You closely miss Haruko's ghost.
Haruko's ghost is heavily damaged.
Haruko's ghost misses you.
You closely miss Haruko's ghost.
Haruko's ghost is heavily damaged.
Haruko's ghost hits you!
You die...

#..##.#
#..##.#
#..##.#
#..##.# #.#
#### #.#
..... #.#
......###.#
......W@..#
......#####
#####


You could see Haruko's ghost.

Vanquished Creatures
  A scorpion (D:4)
  A worker ant (D:4)
  7 gnolls (D:3)
  A howler monkey skeleton (D:4)
  3 adders
  3 worms
  5 dart slugs
  A giant gecko (D:3)
  7 orcs
  8 bats
  5 giant cockroaches
  7 goblins
  3 hobgoblins
  8 jackals (D:1)
  A quokka (D:1)
  3 giant newts (D:2)
  7 kobolds
  5 rats
76 creatures vanquished.

Notes
Turn   | Place    | Note
-------+----------+-------------------------------------------
     0 | D:1      | Gorfmaster the Gargoyle Berserker began the quest for the Orb.
     0 | D:1      | Reached XP level 1. HP: 14/14 MP: 1/1
   224 | D:1      | Reached skill level 3 in Axes
   224 | D:1      | Reached XP level 2. HP: 19/19 MP: 2/2
   559 | D:1      | Reached XP level 3. HP: 8/23 MP: 3/3
  1084 | D:1      | Reached ** piety under Trog
  1224 | D:1      | Reached skill level 4 in Axes
  1585 | D:2      | Reached XP level 4. HP: 24/28 MP: 4/4
  2160 | D:2      | Found a white marble altar of Elyvilon.
  2160 | D:2      | Found a hide-covered altar of Uskayaw.
  2385 | D:3      | Reached skill level 5 in Axes
  2385 | D:3      | Reached XP level 5. HP: 32/32 MP: 5/5
  3320 | D:4      | Noticed Eustachio
  3470 | D:4      | Reached *** piety under Trog
  3470 | D:4      | Reached skill level 6 in Axes
  3470 | D:4      | Reached XP level 6. HP: 37/37 MP: 6/6
  3579 | D:4      | Noticed Haruko's ghost (amateur CeGl)
  3598 | D:4      | Slain by Haruko's ghost

Vault maps used:
D:1:      tarquinn_simple_flora_water_f
D:2:      nicolae_overflow_hidden_temple, gammafunk_temple_overflow_elements,
          first_bread, minmay_heptomino_l4
D:4:      uniq_eustachio

Skill      XL: |  1  2  3  4  5 |
---------------+----------------+-----
Axes           | 3 4 5 6 |  6.1
Fighting       | |  3.4
Armour         | |  2.1
Dodging        | |  1.5

Action                   |  1- 3 |  4- 6 || total
-------------------------+-------+-------++-------
Melee: Hand axe          |   119 |   198 ||   317
Invok: Berserk           |     1 |     3 ||     4
       Trog's Hand       |       |     2 ||     2
  Use: Scroll            |     3 |     7 ||    10
       Potion            |       |     1 ||     1
  Eat: Chunk             |     3 |     9 ||    12
Armor: Animal skin       |    34 |       ||    34
       Leather armour    |    11 |       ||    11
       Ring mail         |     3 |    73 ||    76
Dodge: Dodged            |    74 |    87 ||   161
Block: Other             |       |    36 ||    36
       Reflection        |       |     2 ||     2
